 Dungeon Crawl Stone Soup version 0.28.0 (webtiles) character file.

Game seed: 8515388271317808410

2 tizbic2 the Grave Robber (level 1, 0/16 HPs)
             Began as an Ogre Necromancer on Feb 4, 2022.
             Slain by an endoplasm (1 damage)
             ... on level 1 of the Dungeon.
             The game lasted 00:01:09 (177 turns).

tizbic2 the Grave Robber (Ogre Necromancer)          Turns: 177, Time: 00:01:10

Health: 0/16       AC:  3    Str: 11    XL:     1   Next: 40%
Magic:  1/3        EV:  9    Int: 16    God:
Gold:   11         SH:  0    Dex:  9    Spells: 3/4 levels left

rFire   . . .      SeeInvis .   b - +0 dagger
rCold   . . .      Faith    .   (no shield)
rNeg    . . .      Spirit   .   a - +0 robe
rPois   .          Reflect  .   (helmet restricted)
rElec   .          Harm     .   (no cloak)
rCorr   .          Rampage  .   (gloves unavailable)
Will    .....                   (boots unavailable)
Stlth   +.........              (no amulet)
HPRegen 0.05/turn               (no ring)
MPRegen 0.08/turn               (no ring)

@: no status effects
A: large, unfitting armour, tough skin 1
a: no special abilities


You were on level 1 of the Dungeon.
You visited 1 branch of the dungeon, and saw 1 of its levels.

You collected 11 gold pieces.

Inventory:

Hand Weapons
 b - a +0 dagger (weapon)
Armour
 a - a +0 robe (worn)


   Skills:
 + Level 0.1 Maces & Flails
 - Level 1.7 Dodging
 - Level 1.4 Stealth
 + Level 2.4 Spellcasting
 * Level 3.6 Necromancy


You had 3 spell levels left.
You knew the following spells:

 Your Spells              Type           Power      Damage    Failure   Level
a - Pain                  Necr           52%        1d6       4%          1

Your spell library contained the following spells:

 Spells                   Type           Power      Damage    Failure   Level
 Animate Skeleton         Necr           26%        N/A       4%          1
 Vampiric Draining        Necr           13%        2d6       13%         3
 Animate Dead             Necr           6%         N/A       41%         4
 Agony                    Necr           13%        N/A       77%         5


Dungeon Overview and Level Annotations

Branches:
Dungeon (1/15)

Altars:


Innate Abilities, Weirdness & Mutations

You are too large for most types of armour.
You have tough skin. (AC +1)


Message History

The goblin is severely wounded.
The goblin hits you with a +0 dagger.
You hit the goblin but do no damage.
The goblin is severely wounded.
The goblin hits you with a +0 dagger.
You hit the goblin.
You kill the goblin!
You barely miss the endoplasm. The endoplasm barely misses you.
You barely miss the endoplasm. The endoplasm hits you.
You hit the endoplasm.
The endoplasm is moderately wounded.
The endoplasm hits you but does no damage.
You barely miss the endoplasm.
The endoplasm is moderately wounded.
The endoplasm hits you but does no damage.
Casting: Pain (safe; 4% risk of failure)
Confirm with . or Enter, or press ? or * to list all spells.
Aiming: Pain (safe; 4% risk of failure)
Press: ? - help, Shift-Dir - straight line, f - endoplasm
Aim: an endoplasm (moderately wounded, chance to affect: 83%)
The endoplasm barely resists.
The endoplasm freezes you.
You are frozen.
* * * LOW HITPOINT WARNING * * *
You aren't carrying any potions.
You hit the endoplasm but do no damage.
The endoplasm is moderately wounded.
The endoplasm freezes you.
You are frozen.
* * * LOW HITPOINT WARNING * * *
Casting: Pain (safe; 4% risk of failure)
Confirm with . or Enter, or press ? or * to list all spells.
Aiming: Pain (safe; 4% risk of failure)
Press: ? - help, Shift-Dir - straight line, f/p - endoplasm
Aim: an endoplasm (moderately wounded, chance to affect: 83%)
Okay, then.
You barely miss the endoplasm.
The endoplasm is moderately wounded.
The endoplasm hits you.
You die...

#.. #.#. ... .#. #.# #.
#. #.# #. #. #.# #.#
#.## #. #)# ... #...
#.# #.# ##### ####
..### ####J#####...g
..#.[. ###########
#...@......# #.#.##
##.......# #.......####
#.#.##
##.#####.###.......####
#.#.## #.#
#..............# #.#.##
#.# #.###.......##.#
#.#.## #.# #.#
#.....>†#### #.#...
#.#####.# #..........#
#.#### #.......#
##########.#####.####
######### #.....)...†.


You could see an endoplasm.

Vanquished Creatures
  A goblin (D:1)
  A ball python (D:1)
  A bat (D:1)
3 creatures vanquished.

Notes
Turn   | Place    | Note
-------+----------+-------------------------------------------
     0 | D:1      | tizbic2 the Ogre Necromancer began the quest for the Orb.
     0 | D:1      | Reached XP level 1. HP: 16/16 MP: 3/3
   177 | D:1      | Slain by an endoplasm

Illustrated notes

Levels and vault maps discovered:
D:1:      sevenhm_arrival_forest_fort_large_2, layout_loops_ring,
          serial_co_window_serial, co_window_paths_a,
          co_window_of_opportunity_a, co_window_corner_a, co_window_corner_a,
          co_window_paths_a, co_window_corner_a, co_window_broadway_b,
          co_window_2corner, co_window_corner_b, co_window_of_opportunity_c,
          co_window_corner_cb, co_window_4corner_b, co_window_paths_e,
          glass_columns_a, minmay_heptomino_l4

Action                   || total
-------------------------++-------
Melee: Dagger            ||    19
 Cast: Pain              ||     3
Armor: Robe              ||    16
Dodge: Dodged            ||     7
